 Dungeon Sprint DCSS version 0.30-a0-177-g1cb5dbfd7a (webtiles) character file.

Game seed: 11575364757137126996

1309 wilfster70 the Spear-Bearer (level 8, -4/81 HPs)
             Began as a Minotaur Fighter on Oct 3, 2022.
             Was an Initiate of Gozag.
             Slain by a cyan ugly thing (16 damage)
             ... in the Dungeon (Sprint IX: "|||||||||||||||||||||||||||||").
             The game lasted 00:02:10 (402 turns).

wilfster70 the Spear-Bearer (Minotaur Fighter)       Turns: 402, Time: 00:02:11

Health: -4/81      AC: 16    Str: 24    XL:     8   Next: 32%
Magic:  7/7        EV: 12    Int:  5    God:    Gozag
Gold:   378        SH:  5    Dex: 12    Spells: 7/7 levels left

rFire   . . .      SeeInvis .    a - +0 trident
rCold   . . .      Faith    .    c - +0 buckler
rNeg    . . .      Spirit   .    n - +0 plate armour
rPois   .          Reflect  .    (helmet restricted)
rElec   .          Harm     .    (no cloak)
rCorr   .          Rampage  .    (no gloves)
Will    .....      NoTele   +    m - +0 pair of boots
Stlth   ..........               (no amulet)
HPRegen 0.33/turn                b - +2 ring of evasion
MPRegen 0.10/turn                o - +3 ring of dexterity

@: mighty, gold aura
A: horns 2, retaliatory headbutt
a: Renounce Religion, Potion Petition, Call Merchant, Bribe Branch


You were in the Dungeon.
You worshipped Gozag.
Gozag was aware of your devotion.
You visited 1 branch You collected 378 gold pieces.

Inventory:

Hand Weapons
 a - a +0 trident (weapon)
Armour
 c - a +0 buckler (worn)
 m - a +0 pair of boots (worn)
 n - a +0 plate armour (worn)
Jewellery
 b - a +2 ring of evasion (left hand)
 o - a +3 ring of dexterity (right hand)
Wands
 l - a wand of light (10)
Scrolls
 j - 2 scrolls of blinking
 k - 2 scrolls of amnesia
Potions
 e - 3 potions of curing
 g - a potion of haste
 h - 4 potions of magic
 i - a potion of invisibility


   Skills:
 + Level 10.6 Fighting
 - Level 14.0 Polearms
 + Level 10.6 Armour
 + Level 9.0 Dodging
 - Level 4.0 Shields


You had 7 spell levels left.
You didn't know any spells.
Your spell library was empty.

Dungeon Overview and Level Annotations

Branches:
Dungeon (1/1)

Altars:
Cheibriados
Dithmenos
Elyvilon
Fedhas
Gozag
Hepliaklqana
Kikubaaqudgha
Makhleb
Nemelex Xobeh
Okawaru
Qazlal
Ru
Sif Muna
Trog
Uskayaw
Vehumet
Wu Jian
Xom
Yredelemnul
Zin
The Shining One
Jiyva
Lugonu


Innate Abilities, Weirdness & Mutations

You have a pair of horns on your head.
You reflexively headbutt those who attack you in melee.


Message History

The kobold demonologist casts a spell.
The cyan ugly thing is distracted by your dazzling golden aura.
The cyan ugly thing gurgles horribly!
You have turned to stone.
You are engulfed in calcifying dust.
The cyan ugly thing is no longer distracted by gold.
The kobold demonologist gestures wildly while chanting.
The cyan ugly thing headbutts you but does no damage.
You are engulfed in calcifying dust.
The cyan ugly thing headbutts you. The cyan ugly thing shocks you!
You are engulfed in calcifying dust.
The tengu conjurer casts a spell.
The tengu conjurer blinks!
The cyan ugly thing is distracted by your dazzling golden aura.
You are engulfed in calcifying dust.
The kobold demonologist casts a spell.
The cyan ugly thing gurgles horribly!
The kobold demonologist looks encouraged for a moment.
The iron imp grins evilly.
The cyan ugly thing is no longer distracted by gold.
The kobold demonologist mumbles some strange words.
The cyan ugly thing headbutts you. The cyan ugly thing shocks you!
The cyan ugly thing headbutts you but does no damage.
The cyan ugly thing headbutts you! The cyan ugly thing shocks you!
The cyan ugly thing headbutts you but does no damage.
The kobold demonologist casts a spell.
The cyan ugly thing headbutts you. The cyan ugly thing shocks you!
* * * LOW HITPOINT WARNING * * *
The tengu conjurer gestures wildly while chanting.
The tengu conjurer blinks!
You turn to flesh and can move again.
Unknown command.
You completely miss the cyan ugly thing.
You headbutt the cyan ugly thing.
The cyan ugly thing is lightly wounded.
The cyan ugly thing headbutts you!
* * * LOW HITPOINT WARNING * * *
The cyan ugly thing shocks you!
You die...
Your body crumbles into a pile of gold. $$$$$ $ $ $ $$$$$ $ ▓▓▓▓▓▓▓▓▓▓▓▓▓▓▓▓▓▓▓▓▓▓▓▓ ..D59Ku@Q..))'..[.[.)..' ▓▓▓▓▓▓▓▓▓▓▓▓▓▓▓▓▓▓▓▓▓▓▓▓

You could see a cyan ugly thing, a kobold demonologist, a tengu conjurer, an acid dragon, a gargoyle and an iron imp (summoned).

Vanquished Creatures
  A catoblepas (D)
  A hornet (D)
  A wyvern (D)
  An ogre (D)
  A kobold brigand (D)
  A gnoll sergeant (D)
  A killer bee (D)
  A howler monkey (D)
  A hound (D)
  An iguana (D)
  A gnoll (D)
  An adder (D)
  A hobgoblin (D)
  A quokka (D)
  A bat (D)
  A frilled lizard (D)
  A kobold (D)
17 creatures vanquished.

Notes
Turn   | Place    | Note
-------+----------+-------------------------------------------
     0 | D        | wilfster70 the Minotaur Fighter began the quest for the
                  | Orb.
     0 | D        | Reached XP level 1. HP: 19/19 MP: 0/0
     9 | D        | Reached skill level 3 in Polearms
    14 | D        | Reached skill level 1 in Dodging
    26 | D        | Noticed a hound
    26 | D        | Noticed an ogre
    26 | D        | Noticed an iguana
    33 | D        | Killed an iguana
    34 | D        | Reached skill level 5 in Polearms
    34 | D        | Reached XP level 2. HP: 28/28 MP: 1/1
    34 | D        | Reached XP level 3. HP: 35/35 MP: 2/2
    36 | D        | Reached skill level 5 in Fighting
    36 | D        | Reached skill level 5 in Armour
    37 | D        | Killed an ogre
    38 | D        | Reached skill level 7 in Polearms
    38 | D        | Reached XP level 4. HP: 44/44 MP: 3/3
    41 | D        | Reached XP level 5. HP: 51/51 MP: 4/4
    44 | D        | Reached skill level 8 in Polearms
    91 | D        | Found a snail-covered altar of Cheibriados.
    91 | D        | Found a shadowy altar of Dithmenos.
    91 | D        | Found a white marble altar of Elyvilon.
    91 | D        | Found a blossoming altar of Fedhas.
    91 | D        | Found an opulent altar of Gozag.
    92 | D        | Found a hazy altar of Hepliaklqana.
    93 | D        | Found a viscous altar of Jiyva.
    94 | D        | Found an ancient bone altar of Kikubaaqudgha.
    95 | D        | Found a corrupted altar of Lugonu.
    96 | D        | Found a burning altar of Makhleb.
    97 | D        | Found a sparkling altar of Nemelex Xobeh.
    98 | D        | Found an iron altar of Okawaru.
    99 | D        | Became a worshipper of Gozag Ym Sagoz the Greedy
   100 | D        | Found a stormy altar of Qazlal.
   101 | D        | Found a sacrificial altar of Ru.
   102 | D        | Found a shimmering blue altar of Sif Muna.
   103 | D        | Found a bloodstained altar of Trog.
   104 | D        | Found a hide-covered altar of Uskayaw.
   105 | D        | Found a radiant altar of Vehumet.
   106 | D        | Found an ornate altar of the Wu Jian Council.
   107 | D        | Found a shimmering altar of Xom.
   108 | D        | Found a basalt altar of Yredelemnul.
   109 | D        | Found a glowing silver altar of Zin.
   110 | D        | Found a glowing golden altar of the Shining One.
   158 | D        | Noticed a hornet
   158 | D        | Noticed a wyvern
   168 | D        | Killed a wyvern
   169 | D        | Reached skill level 10 in Polearms
   169 | D        | Reached XP level 6. HP: 10/61 MP: 5/5
   182 | D        | Reached skill level 11 in Polearms
   185 | D        | Paralysed by a hornet for 1 turns
   192 | D        | Paralysed by a hornet for 1 turns
   194 | D        | HP: 1/62 [hornet (9)]
   198 | D        | Killed a hornet
   199 | D        | Reached skill level 12 in Polearms
   199 | D        | Reached XP level 7. HP: 15/70 MP: 6/6
   383 | D        | Noticed a tengu conjurer
   383 | D        | Noticed a gargoyle
   383 | D        | Noticed a cyan ugly thing
   383 | D        | Noticed a catoblepas
   383 | D        | Noticed a kobold demonologist
   390 | D        | Killed a catoblepas
   391 | D        | Reached skill level 10 in Fighting
   391 | D        | Reached skill level 14 in Polearms
   391 | D        | Reached skill level 10 in Armour
   391 | D        | Reached XP level 8. HP: 59/81 MP: 7/7
   402 | D        | Slain by a cyan ugly thing

Illustrated notes

Levels and vault maps discovered:
D:        linesprint [early_d, line_temple, items_1, d_10, items_2, lair_1,
          lair_end, items_3, orc_1, orc_end, items_4, d_15, swamp_1, shoals_1,
          snake_1, spider_1, d_20, vaults_1, items_5, swamp_end, shoals_end,
          snake_end, spider_end, vaults_end, d_27, items_6, zot_1, zot_end,
          crypt_end, forest_end, elf_end, slime_end, tomb_end, abyss_end,
          pan_hell_end]

Skill      XL: |  1  2  3  4  5  6  7 |
---------------+----------------------+-----
Polearms       | 5 7 10 12 14 | 14.0
Dodging        | 2 4 6 7 9 |  9.0
Fighting       | 4 6 7 9 10 | 10.6
Armour         | 4 6 7 9 10 | 10.6
Shields        | 4 |  4.0

Action                   |  1- 3 |  4- 6 |  7- 9 || total
-------------------------+-------+-------+-------++-------
Melee: Trident           |    19 |    38 |    12 ||    69
       Headbutt          |     2 |     7 |     4 ||    13
  Use: Potion            |     1 |     5 |     1 ||     7
Armor: Scale mail        |     5 |     2 |       ||     7
       Plate armour      |       |    11 |     5 ||    16
Dodge: Dodged            |     5 |    18 |     1 ||    24
Block: Buckler           |     4 |     8 |     1 ||    13

Table legend: (Time is in decaauts)
 A = Elapsed time spent in this place.
 B = Non-inter-level travel time spent in this place.
 C = Inter-level travel time spent in this place.
 D = Time resting spent in this place.
 E = Time spent auto-exploring this place.
 F = Levels seen in this place.
 G = Mean time per level.
                   A        B        C        D        E       F      G
               +--------+--------+--------+--------+--------+-----+--------+
         Total |    411 |    411 |      0 |    224 |      0 |   1 |  411.0 |
       Dungeon |    411 |    411 |      0 |    224 |      0 |   1 |  411.0 |
               +--------+--------+--------+--------+--------+-----+--------+

Top non-repeatable levels by time:
       D: 411 daAuts
